 Dungeon Crawl Stone Soup version 0.29.0-7-g18a832c13a (webtiles) character file.

Game seed: 18406248143909363386

74 xian the Firebug (level 4, -1/21 HPs)
             Began as a Vine Stalker Wanderer on Sept 1, 2022.
             Was a Believer of Fedhas.
             Slain by Grinder (6 damage)
             ... while paralysed by Grinder
             ... on level 2 of the Dungeon.
             The game lasted 00:05:26 (2251 turns).

xian the Firebug (Vine Stalker Wanderer)            Turns: 2251, Time: 00:05:27

Health: -1/21      AC:  2    Str: 13    XL:     4   Next: 28%
Magic:  0/8        EV:  2    Int: 15    God:    Fedhas [**....]
Gold:   129        SH:  0    Dex: 14    Spells: 4/7 levels left

rFire   . . .      SeeInvis .   f - +0 dagger
rCold   . . .      Faith    .   d - +0 buckler
rNeg    . . .      Spirit   +   c - +0 robe
rPois   .          Reflect  .   (no helmet)
rElec   .          Harm     .   (no cloak)
rCorr   .          Rampage  .   (no gloves)
Will    .....                   (no boots)
Stlth   ++........              (no amulet)
HPRegen 0.87/turn               (no ring)
MPRegen 0.11/turn               (no ring)

@: paralysed
A: fangs 2, regeneration 1, magic shield, antimagic bite, no potion heal 2
a: Renounce Religion, Wall of Briars


You were on level 2 of the Dungeon.
You worshipped Fedhas.
Fedhas was pleased with you.
You visited 1 branch of the dungeon, and saw 3 of its levels.

You collected 129 gold pieces.

Inventory:

Hand Weapons
 a - a +0 club
 f - a +0 dagger (weapon)
Armour
 c - a +0 robe (worn)
 d - a +0 buckler (worn)
Scrolls
 b - a scroll of fear
 e - a scroll of identify
 h - a scroll of teleportation {unknown}
 i - 2 scrolls of enchant armour {unknown}
 k - a scroll of vulnerability {unknown}
Potions
 g - a potion of curing {unknown}
 l - a potion of degeneration {unknown}


   Skills:
 + Level 0.3 Fighting
 + Level 0.5 Short Blades
 + Level 0.2 Maces & Flails
 + Level 1.0 Throwing
 + Level 1.0 Armour
 + Level 1.0 Dodging
 + Level 0.6 Stealth
 + Level 1.0 Shields
 + Level 2.0 Spellcasting
 + Level 1.2 Conjurations
 + Level 4.2 Fire Magic
 + Level 1.0 Invocations


You had 4 spell levels left.
You knew the following spells:

 Your Spells              Type           Power      Damage    Failure   Level
a - Foxfire               Conj/Fire      36%        2x1d5     10%         1
b - Searing Ray           Conj           10%        2d4       28%         2

Your spell library contained the following spells:

 Spells                   Type           Power      Damage    Failure   Level
 Conjure Flame            Conj/Fire      9%         6-21      30%         3
 Static Discharge         Conj/Air       3%         3-4/arc   34%         2
 Inner Flame              Hex/Fire       7%         N/A       36%         3
 Sublimation of Blood     Necr           1%         N/A       41%         2
 Wereblood                Tmut           1%         N/A       41%         2
 Malign Gateway           Summ/Tloc      0%         N/A       100%        7
 Summon Hydra             Summ           0%         N/A       100%        7
 Summon Horrible Things   Summ           0%         N/A       100%        8


Dungeon Overview and Level Annotations

Branches:
Dungeon (3/15)

Altars:
Fedhas

Annotations:
D:2 Grinder


Innate Abilities, Weirdness & Mutations

You have extremely sharp teeth.
Your natural rate of healing is unusually fast.
When hurt, damage is shared between your health and your magic reserves.
Your bite disrupts and absorbs the magic of your enemies.
Potions cannot restore your health.


Message History

Grinder gestures at you.
You suddenly lose the ability to move!
You can move again.
There is a stone staircase leading up here.
You climb upwards.
There is a stone staircase leading down here.
You start resting.
Magic restored.
You climb downwards.
Level annotation: Grinder Grinder gestures at you.
You suddenly lose the ability to move!
Grinder gestures at you. Pain shoots through your body! Grinder hits you!
You writhe in agony.
Grinder hits you!
* * * LOW HITPOINT WARNING * * *
You writhe in agony.
* * * LOW HITPOINT WARNING * * *
Grinder hits you.
* * * LOW HITPOINT WARNING * * *
You can move again.
There is a stone staircase leading up, spattered with blood here.
Grinder gestures at you. You resist with significant effort.
You climb upwards.
There is a stone staircase leading down here.
Casting: Searing Ray (quite dangerous; 28% risk of failure)
Confirm with . or Enter, or press ? or * to list all spells.
Okay, then.
Unknown command.
Casting: Searing Ray (quite dangerous; 28% risk of failure)
Confirm with . or Enter, or press ? or * to list all spells.
You don't have enough magic to cast this spell.
Grinder attacks as you move away! Grinder closely misses you.
Grinder gestures at you.
You suddenly lose the ability to move!
Grinder hits you.
You die...
Fedhas appreciates your contribution to the ecosystem.

##############################
#...(..##.....................
##.###.##.........############
#.# #.##.........# #.#
#.##.........# #.#
#.##.........# #.#
#.##.........# #.#
#.##....@....# #.#
#.##...5.....# #.#
#.##.......[.# #.#
#...........##
#.#########..#########
#.......# ##.........#
#######.# #.#..####.#
###.####.##.####.#
#........##...##.#


You could see Grinder.

Vanquished Creatures
  Jessica (D:2)
  2 dart slugs (D:1)
  An orc (D:3)
  4 endoplasms
  A giant cockroach (D:3)
  2 goblins (D:1)
  4 hobgoblins
  3 jackals (D:1)
  7 kobolds
  A quokka (D:1)
  4 ball pythons
  3 bats
  4 frilled lizards
  3 rats
40 creatures vanquished.

Vanquished Creatures (others)
  85 foxfires
  A plant (D:2)
86 creatures vanquished.

Grand Total: 126 creatures vanquished

Notes
Turn   | Place    | Note
-------+----------+-------------------------------------------
     0 | D:1      | xian the Vine Stalker Wanderer began the quest for the Orb.
     0 | D:1      | xian set off with the following items: a +0 club, a scroll
                  | of fear, a +0 robe, a +0 buckler; and the following spell
                  | memorised: Foxfire; and the following spells available to
                  | memorise: Searing Ray, Static Discharge, Conjure Flame,
                  | Inner Flame.
     0 | D:1      | Reached XP level 1. HP: 9/9 MP: 3/3
    16 | D:1      | Found a faded altar of an unknown god.
    86 | D:1      | Prayed at the altar of an unknown god.
    86 | D:1      | Became a worshipper of Fedhas Madash
    86 | D:1      | Reached * piety under Fedhas
    97 | D:1      | Reached XP level 2. HP: 4/13 MP: 0/4
   326 | D:1      | Learned a level 2 spell: Searing Ray
   703 | D:1      | Reached skill level 4 in Fire Magic
   703 | D:1      | Reached XP level 3. HP: 16/16 MP: 1/5
  1298 | D:2      | Reached ** piety under Fedhas
  1522 | D:2      | Noticed Jessica
  1526 | D:2      | Killed Jessica
  1527 | D:2      | Gained mutation: Your natural rate of healing is unusually
                  | fast. [Vine Stalker growth]
  1527 | D:2      | Reached XP level 4. HP: 11/21 MP: 0/7
  2160 | D:3      | Noticed Grinder
  2188 | D:3      | Paralysed by Grinder for 2 turns
  2242 | D:3      | Paralysed by Grinder for 5 turns
  2245 | D:3      | HP: 1/21 [Grinder (4)]
  2249 | D:2      | Paralysed by Grinder for 4 turns
  2251 | D:2      | Slain by Grinder

Illustrated notes

Levels and vault maps discovered:
D:1:      lightli_arrival_noodles, layout_rooms,
          ebering_ecumenical_altar_abandoned, amethyst_killhole
D:2:      layout_basic, serial_forest, infiniplex_forest_clump_C,
          infiniplex_forest_zigzag_2, infiniplex_forest_clump_diagonal,
          infiniplex_forest_clump_C, infiniplex_forest_clump_C, uniq_jessica
D:3:      layout_basic, uniq_grinder, uniq_ijyb

Skill      XL: |  1  2  3  4 |
---------------+-------------+-----
Fire Magic     | 4 |  4.2
Spellcasting   | 2 |  2.0
Fighting       | |  0.3
Short Blades   | |  0.5
Maces & Flails | |  0.2
Throwing       | |  1.0
Armour         | |  1.0
Dodging        | |  1.0
Stealth        | |  0.6
Shields        | |  1.0
Conjurations   | |  1.2
Invocations    | |  1.0

Action                   |  1- 3 |  4- 6 || total
-------------------------+-------+-------++-------
Melee: Club              |     6 |       ||     6
       Dagger            |    31 |     7 ||    38
       Bite              |     7 |     2 ||     9
 Cast: Foxfire           |    38 |    17 ||    55
       Searing Ray       |     1 |     2 ||     3
  Use: Scroll            |     1 |       ||     1
       Potion            |       |     1 ||     1
Armor: Robe              |     4 |     1 ||     5
Dodge: Dodged            |    22 |    10 ||    32
Block: Buckler           |    15 |     1 ||    16
